 Dungeon Crawl Stone Soup version 0.16.0-19-gb078050 (webtiles) character file.

1153 Nefaurd the Skirmisher (level 8, -2/61 (62) HPs)
             Began as a Demonspawn Chaos Knight on Mar 23, 2015.
             Slain by a wight
             ... wielding a +2 hand axe
              (3 damage)
             ... on level 6 of the Dungeon.
             The game lasted 00:37:07 (6466 turns).

Nefaurd the Skirmisher (Demonspawn Chaos Knight)    Turns: 6466, Time: 00:37:07

HP:   -2/61 (62)    AC:  6    Str: 14    XL:     8   Next: 16%
MP:   8/8           EV: 15    Int: 15    God:    Xom [*.....]
Gold: 222           SH:  0    Dex: 12    Spells: 0 memorised, 7 levels left

rFire  . . .     SeeInvis .     a - +0 falchion (chaos)
rCold  + . .     Clarity  .     f - +2 leather armour {MR+}
rNeg   . . .     SustAb   .     (no shield)
rPois  .         Gourm    .     (helmet restricted)
rElec  .         Spirit   .     d - +0 cloak
rCorr  .         Warding  .     (no gloves)
rMut   .         Rnd*Tele +     (no boots)
MR     +....                    (no amulet)
Stlth  +.........               (no ring)
                                (no ring)

@: heavily drained, somewhat resistant to hostile enchantments, very unstealthy
A: horns 2, repulsion field 1, blurry vision 1, cold resistance 1, screaming 1,
teleportitis 1
a: Renounce Religion


You were on level 6 of the Dungeon.
You worshipped Xom.
You were a special plaything of Xom.
You were hungry.

You visited 1 branch of the dungeon, and saw 6 of its levels.

You collected 222 gold pieces.

Inventory:

Hand weapons
 a - a +0 falchion of chaos (weapon)
 g - a +0 flail
 k - a cursed +2 dire flail of freezing
Armour
 b - a +2 leather armour
 d - a +0 cloak (worn)
 f - a +2 leather armour of magic resistance (worn)
 h - a +0 ring mail
 l - a +0 chain mail
Magical devices
 r - a wand of slowing (0)
 s - a wand of polymorph (0)
Scrolls
 c - a scroll of magic mapping
 i - a scroll of remove curse {unknown}
 n - 5 scrolls of identify {unknown}
 o - a scroll of enchant armour
 p - a scroll of amnesia {unknown}
Potions
 j - 3 potions of curing
Comestibles
 m - a bread ration


   Skills:
 * Level 5.2(3.9) Fighting
 * Level 4.7(3.4) Long Blades
 * Level 4.3(3.0) Armour
 * Level 5.1(3.8) Dodging
 - Level 2.0(0.8) Stealth


You had 7 spell levels left.
You didn't know any spells.

Dungeon Overview and Level Annotations

Branches:
Dungeon (6/15)
 Temple: D:4-7

Altars:
Sif Muna

Annotations:
D:3 exclusion: door
D:5 Huymann's ghost, experienced DgFE; Pikel


Innate Abilities, Weirdness & Mutations

You have a pair of horns on your head.
You are surrounded by a mild repulsion field (EV +2).
Scrolls take you a little longer to read.
Your flesh is cold resistant.
You occasionally shout uncontrollably at your foes.
Space occasionally distorts in your vicinity.


Message History

The wight closely misses you.
Throwing (i - inventory):
e - a poisoned javelin (quivered)
Press: ? - help, Shift-Dir - straight line, f/p - wight
Aim: a wight, wielding an enchanted short sword and wearing a robe (severely damaged, softly glowing)
You throw a poisoned javelin.
The poisoned javelin hits the wight but does no damage.
The wight is heavily damaged.
The wight closely misses you.
You hit the wight but do no damage. Your headbutt misses the wight.
The wight is heavily damaged.
The wight barely misses you.
The wight hits you with an enchanted hand axe!
* * * LOW HITPOINT WARNING * * *
Xom is highly amused!
You feel drained.
You completely miss the wight.
The wight is severely damaged.
The wight stops glowing.
The wight barely misses you.
The wight hits you with an enchanted hand axe.
You die...

##'# # #... #. .... #.
... .. #..##'####'#
...#..#.........
....'..'......... #.
#@........ #..#zz..#'##..
#..'(...'..'..
##..#....####..
..#'##...##########.
..........'.'...'..'...
..........#.######'#...
..........#§#####.?....#
...........'§§§§§#......'


You could see 2 wights.

Vanquished Creatures
  An ugly thing (D:6)
  A swamp drake (D:5)
  An orc warrior (D:6)
  A centaur (D:6)
  2 slaves (D:5)
  A scorpion (D:4)
  A killer bee (D:6)
  2 wights (D:6)
  A goliath beetle (D:6)
  A crimson imp (D:6)
  3 orc wizards
  An iguana (D:3)
  Natasha (thrice) (D:3)
  3 orc priests
  2 worker ants
  A worker ant zombie (D:6)
  5 adders
  3 gnolls (D:5)
  A giant mite (D:2)
  2 worms
  4 giant geckos
  3 oozes
  29 orcs
  A bat skeleton (D:4)
  A bat zombie (D:6)
  5 giant cockroaches
  9 goblins
  8 hobgoblins
  6 jackals
  7 kobolds
  3 quokkas (D:3)
  2 ball pythons
  6 bats
  5 giant newts
  8 rats
  A bush (D:1)
134 creatures vanquished.

Vanquished Creatures (collateral kills)
  2 wights (D:6)
  A gnoll (D:5)
  A goblin (D:5)
4 creatures vanquished.

Grand Total: 138 creatures vanquished

Notes
Turn   | Place    | Note
--------------------------------------------------------------
     0 | D:1      | Nefaurd, the Demonspawn Chaos Knight, began the quest for the Orb.
     0 | D:1      | Reached XP level 1. HP: 18/18 MP: 1/1
    96 | D:1      | Reached skill level 1 in Dodging
   160 | D:1      | Gained mutation: You have a pair of small horns on your head. [demonic ancestry]
   160 | D:1      | Reached XP level 2. HP: 18/24 MP: 2/2
  1038 | D:2      | Reached XP level 3. HP: 29/29 MP: 3/3
  1370 | D:2      | XOM: harmless Air miscast
  1532 | D:2      | XOM: divination: detect creatures
  1833 | D:3      | Noticed Natasha
  1842 | D:3      | Killed Natasha
  1842 | D:3      | Reached XP level 4. HP: 17/36 MP: 4/4
  2127 | D:3      | Noticed Natasha
  2136 | D:3      | Killed Natasha
  2212 | D:3      | Noticed Natasha
  2221 | D:3      | Killed Natasha
  2307 | D:3      | Found a deep blue altar of Sif Muna.
  2337 | D:3      | Gained mutation: You are surrounded by a mild repulsion field (EV +2). [demonic ancestry]
  2337 | D:3      | Reached XP level 5. HP: 27/42 MP: 5/5
  2429 | D:3      | XOM: god gift: 33 gold pieces
  2638 | D:3      | XOM: summons 2 friendly demons
  2641 | D:3      | XOM: butterfly on damage
  3108 | D:3      | XOM: noise
  3168 | D:3      | XOM: colour smoke trail
  3356 | D:4      | XOM: noise
  3390 | D:4      | Reached skill level 4 in Fighting
  3438 | D:4      | Gained mutation: You have a pair of horns on your head. [demonic ancestry]
  3438 | D:4      | Reached XP level 6. HP: 41/48 MP: 6/6
  3443 | D:4      | XOM: summons 5 hostile shadow creatures
  3463 | D:4      | XOM: harmless Conj miscast
  3510 | D:4      | XOM: 3-stop teleportation journey
  3529 | D:4      | XOM: colour smoke trail
  3585 | D:4      | XOM: god gift: glowing leather armour {god gift}
  4099 | D:5      | Entered Level 5 of the Dungeon
  4152 | D:5      | Noticed Pikel
  4175 | D:5      | Reached skill level 1 in Stealth
  4178 | D:5      | XOM: confusion (+ monsters)
  4184 | D:5      | XOM: fog
  4191 | D:5      | XOM: enchant monster (bad)
  4192 | D:5      | XOM: chaos cloud
  4198 | D:5      | Paralysed by you for 6 turns
  4206 | D:5      | Paralysed by you for 7 turns
  4288 | D:5      | XOM: enchant monster (good)
  4290 | D:5      | XOM: confuse monster(s)
  4556 | D:5      | Reached XP level 7. HP: 47/54 MP: 7/7
  4581 | D:5      | Noticed Huymann's ghost (experienced DgFE)
  4596 | D:5      | XOM: noise
  4629 | D:6      | XOM: 2-stop teleportation journey
  4645 | D:6      | Noticed a brown ugly thing
  4732 | D:6      | XOM: divination: detect creatures
  4751 | D:6      | HP: 2/55 [poisoned by an adder]
  4757 | D:6      | HP: 1/55 [poisoned by an adder]
  4852 | D:6      | XOM: scenery: 3 doors open
  5018 | D:6      | XOM: scenery: 3 doors close
  5113 | D:6      | XOM: noise
  5120 | D:6      | XOM: mild Necr miscast
  5123 | D:6      | XOM: mild Trmt miscast
  5134 | D:6      | Killed a green ugly thing
  5134 | D:6      | Reached skill level 5 in Fighting
  5138 | D:6      | Gained mutation: You occasionally shout uncontrollably at your foes. [mutagenic meat]
  5139 | D:6      | Gained mutation: Scrolls take you a little longer to read. [mutagenic meat]
  5140 | D:6      | Gained mutation: Your flesh is cold resistant. [mutagenic meat]
  5141 | D:6      | Gained mutation: Space occasionally distorts in your vicinity. [mutagenic meat]
  5142 | D:6      | XOM: summons 5 hostile shadow creatures
  5303 | D:6      | XOM: noise
  5314 | D:6      | XOM: enchant monster (bad)
  5324 | D:6      | XOM: silly message
  5545 | D:6      | XOM: cast spell 'Summon Hydra'
  5547 | D:6      | Reached XP level 8. HP: 29/61 MP: 8/8
  5801 | D:6      | Reached skill level 5 in Dodging
  5873 | D:6      | XOM: enchant monster (bad)
  6000 | D:6      | XOM: god gift: 6 poisoned javelins
  6092 | D:6      | XOM: scenery: 3 doors close
  6129 | D:6      | XOM: medium Trmt miscast
  6393 | D:6      | XOM: vitrification
  6397 | D:6      | XOM: scenery: 4 doors open, 8 doors close
  6452 | D:6      | XOM: fog
  6458 | D:6      | XOM: fake destruction
  6465 | D:6      | HP: 1/61 [wight/enchanted hand axe (9)]
  6466 | D:6      | Slain by a wight

Action                   |  1- 3 |  4- 6 |  7- 9 || total
-------------------------+-------+-------+-------++-------
Melee: Falchion          |   211 |   242 |   170 ||   623
Throw: Javelin           |       |       |     8 ||     8
Evoke: Wand              |       |     6 |       ||     6
  Use: Scroll            |     1 |     4 |     3 ||     8
       Potion            |       |     7 |     4 ||    11
 Stab: Invisible         |       |     3 |       ||     3
       Paralysed         |       |     2 |     8 ||    10
       Confused          |       |     1 |       ||     1
       Petrified         |       |       |     1 ||     1
  Eat: Bread ration      |     1 |     1 |     1 ||     3
       Chunk             |       |     1 |     4 ||     5
       Meat ration       |       |     1 |       ||     1
